 Dungeon Crawl Stone Soup version 0.31.0-11-ge490571c62 (webtiles) character file.

Game seed: 8749589307561709370

5 qw the Shooter (level 1, -6/12 HPs)
             Began as a Deep Elf Hunter on Feb 3, 2024.
             Mangled by a gnoll
             ... wielding a +0 flail
              (9 damage)
             ... on level 1 of the Dungeon.
             The game lasted 00:00:00 (67 turns).

qw the Shooter (Deep Elf Hunter)                      Turns: 67, Time: 00:00:00

Health: -6/12      AC:  3    Str:  8    XL:     1   Next: 66%
Magic:  3/3        EV: 12    Int: 13    God:
Gold:   0          SH:  0    Dex: 18    Spells: 0/0 levels left

rFire   . . .        a - +0 shortbow
rCold   . . .        (shield currently unavailable)
rNeg    . . .        c - +0 leather armour
rPois   .            (no helmet)
rElec   .            (no cloak)
rCorr   .            (no gloves)
SInv    .            (no boots)
Will    .....        (no amulet)
Stlth   ++           (no ring)
HPRegen 0.22/turn    (no ring)
MPRegen 0.08/turn

%: no passive effects
@: no status effects
A: no striking features
a: no special abilities


You were on level 1 of the Dungeon.
You visited 1 branch of the dungeon, and saw 1 of its levels.


   Skills:
 - Level 1.5 Fighting
 + Level 5.7 Ranged Weapons
 - Level 2.4 Dodging
 - Level 1.2 Stealth


You couldn't memorise any spells.
You didn't know any spells.
Your spell library was empty.

Inventory:

Hand Weapons
 a - a +0 shortbow (weapon)
Armour
 c - a +0 leather armour (worn)
Scrolls
 b - a scroll of butterflies

Dungeon Overview and Level Annotations

Branches:
Dungeon (1/15)

Altars:


Message History

There is an open door here.
A ball python and a gnoll come into view.
Found 4 poisoned darts.
The gnoll shouts!
The ball python hisses angrily.
You hear an angry hiss.
You hear a shout! x2
A ball python comes into view.
You shoot an arrow. The arrow barely misses the gnoll.
The ball python hisses angrily.
You shoot an arrow.
The arrow barely misses the ball python.
You shoot an arrow.
The arrow closely misses the ball python.
The arrow completely misses the gnoll.
You shoot an arrow. The arrow hits the ball python.
The ball python is moderately wounded.
The ball python bites you but does no damage.
The ball python closely misses you.
You shoot an arrow. The arrow hits the ball python!
You kill the ball python!
The ball python closely misses you. The ball python grabs you.
The ball python constricts you.
You shoot an arrow.
The arrow barely misses the ball python.
The arrow hits the gnoll.
The gnoll is lightly wounded.
The ball python closely misses you. The ball python constricts you.
A kobold comes into view. It is wielding a +0 whip.
You shoot an arrow. The arrow hits the ball python!
You kill the ball python!
You shoot an arrow.
The arrow hits the gnoll but does no damage.
The gnoll is lightly wounded.
A kobold comes into view. It is wielding a +0 whip.
The gnoll hits you with a +0 flail!
Ouch! That really hurt!
You shoot an arrow. The arrow barely misses the gnoll.
The arrow closely misses the kobold.
The gnoll hits you with a +0 flail!
Ouch! That really hurt!
You die...

(...... .[..K ..... ...
... #K# #g# +@# #######
#+#.# +.....# #.'.# #
#.....# #.### .##
###..>..#+#.# ....
#.#..<..#.#.#######)...
#.#.....#.#....#.......
.#+#.#'#####.#+#.........#
.......#.+.......#.......#


You could see a gnoll and 2 kobolds.

Vanquished Creatures
  A goblin (D:1)
  2 ball pythons (D:1)
  A frilled lizard (D:1)
  2 rats (D:1)
6 creatures vanquished.

Notes
Turn   | Place    | Note
-------+----------+-------------------------------------------
     0 | D:1      | qw the Deep Elf Hunter began the quest for the Orb.
     0 | D:1      | Reached XP level 1. HP: 12/12 MP: 3/3
     0 | D:1      | 0 ||| qw: Version: 0.3-a-158-g18b3111
     0 | D:1      | 0 ||| qw: Game counter: 4261
     0 | D:1      | 0 ||| qw: Melee chars always use a shield: true
     0 | D:1      | 0 ||| qw: God list: Okawaru
     0 | D:1      | 0 ||| qw: Allow faded altars: false
     0 | D:1      | 0 ||| qw: Do Orc after clearing Dungeon:15 true
     0 | D:1      | 0 ||| qw: Do second Lair branch before Depths: true
     0 | D:1      | 0 ||| qw: Lair rune preference: random
     0 | D:1      | 0 ||| qw: Goals: Normal
     0 | D:1      | 0 ||| PLANNING D:1-11
    66 | D:1      | HP: 3/12 [gnoll/+0 flail (9)]
    67 | D:1      | Mangled by a gnoll

Levels and vault maps discovered:
D:1:      shiori_arrival_maze, layout_basic, hex_intersection, minmay_unequal

Action                     || total
---------------------------++-------
   Fire: Shortbow          ||    19
 Armour: Leather armour    ||     4
  Dodge: Dodged            ||     5

Table legend:
 A = Non-vault XP
 B = Vault XP
 C = Vault XP percentage of total XP
 D = Non-vault monster count
 E = Vault monster count
 F = Vault count percentage of total count
                 A         B        C        D         E       F
            +---------+---------+-------+---------+---------+-------
      Total |       7 |       1 |  12.5 |       5 |       1 |  16.7
            +---------+---------+-------+---------+---------+-------
        D:1 |       7 |       1 |  12.5 |       5 |       1 |  16.7
            +---------+---------+-------+---------+---------+-------
